AoeStats
← Vortigern

Arabia

510335373Analyzed
1v1 RM · 21h ago on Sep 30, 2026· 35m 46s· 2 players
Game mode
Random Map
Map size
Tiny (2 player)
Population
200
Speed
Normal
Resources
Standard
Victory
Conquest
Starting age
Dark Age
Ending age
Imperial Age
RankedLock teamsTeams togetherTeam positionsShared explorationLock speedFull tech treeHidden civsTurbo modeCheats
Victory
Defeat
🇹🇷 Cumans · Türkiye
1021
+15
🇺🇸 Britons · United States
1000
-45
Vortigern
2:57 Loom
12:43 Feudal Age
13:26 Town Watch
14:04 Man-at-Arms
19:33 Double-Bit Axe
20:37 Horse Collar
22:42 Wheelbarrow
27:51 Stone Mining
27:55 Gold Mining
30:18 Castle Age
28:21 Scale Mail Armor
30:23 Forging
30:05 Fletching
31:34 Scale Barding Armor
31:24 Long Swordsman
31:51 Gambesons
32:09 Squires
33:03 Bow Saw
bıyık
10:09 Feudal Age
11:02 Man-at-Arms
11:39 Loom
21:25 Padded Archer Armor
21:16 Fletching
22:16 Horse Collar
26:57 Castle Age
27:11 Arson
27:08 Long Swordsman
27:37 Crossbowman
27:39 Elite Skirmisher
28:06 Pikeman
28:57 Capped Ram
30:10 Bodkin Arrow
32:34 Leather Archer Armor
38:15 Imperial Age
35:53 Stone Mining
35:51 Double-Bit Axe
36:08 Heavy Plow
Connection lost

Rejoining the realm…

Still unreachable

The connection could not be restored.

Session expired

The server has moved on; the page needs a fresh start.